 Dungeon Crawl Stone Soup version 0.29.1-2-gbd0b4ee654 (webtiles) character file.

Game seed: 1393207339338703874

1311 boopmooplesden the Cruncher (level 8, -1/68 HPs)
             Began as a Minotaur Gladiator on Nov 27, 2022.
             Was a Follower of Okawaru.
             Slain by a gnoll
             ... wielding a +0 flail
             ... led by a gnoll bouda
              (7 damage)
             ... on level 6 of the Dungeon.
             The game lasted 00:06:27 (5256 turns).

boopmooplesden the Cruncher (Minotaur Gladiator)    Turns: 5256, Time: 00:06:28

Health: -1/68      AC:  8    Str: 20    XL:     8   Next: 32%
Magic:  7/7        EV: 14    Int:  5    God:    Okawaru [*.....]
Gold:   368        SH:  0    Dex: 19    Spells: 7/7 levels left

rFire   . . .      SeeInvis .   a - +0 quarterstaff
rCold   + . .      Faith    .   (shield currently unavailable)
rNeg    . . .      Spirit   .   v - +0 ring mail {rC+}
rPois   .          Reflect  .   c - +0 hat
rElec   .          Harm     .   C - +1 cloak
rCorr   .          Rampage  .   (no gloves)
Will    .....                   (no boots)
Stlth   ++........              h - amulet of magic regeneration
HPRegen 0.21/turn               r - +6 ring of dexterity
MPRegen 0.50/turn               (no ring)

@: no status effects
A: horns 2, retaliatory headbutt
a: Renounce Religion, Heroism


You were on level 6 of the Dungeon.
You worshipped Okawaru.
Okawaru was aware of your devotion.
You visited 1 branch of the dungeon, and saw 6 of its levels.

You collected 368 gold pieces.

Inventory:

Hand Weapons
 a - a +0 quarterstaff (weapon)
 x - a +0 trident of protection
Missiles
 e - a javelin (quivered)
Armour
 c - a +0 hat (worn)
 v - a +0 ring mail of cold resistance (worn)
 C - a +1 cloak (worn)
Jewellery
 h - an amulet of magic regeneration (around neck)
 r - a +6 ring of dexterity (left hand)
 w - an amulet of faith
 F - a ring of positive energy
Wands
 o - a wand of charming (10)
 p - a wand of quicksilver (18)
 y - a wand of polymorph (8)
Scrolls
 q - a scroll of butterflies
 B - 3 scrolls of identify
Potions
 f - 2 potions of attraction {unknown}
 g - a potion of flight {unknown}
 i - 2 potions of cancellation {unknown}
 j - 2 potions of might {unknown}
 k - 2 potions of curing {unknown}
 l - a potion of heal wounds {unknown}
 m - a potion of degeneration {unknown}
 n - 2 potions of resistance
 s - a potion of haste {unknown}
 u - a potion of ambrosia {unknown}
 z - a potion of magic {unknown}
 A - 3 potions of lignification {unknown}
 E - a potion of berserk rage {unknown}


   Skills:
 + Level 5.0 Fighting
 + Level 8.7 Staves
 + Level 2.4 Throwing
 + Level 5.5 Armour
 + Level 5.1 Dodging
 + Level 2.0 Stealth


You had 7 spell levels left.
You didn't know any spells.
Your spell library contained the following spells:

 Spells                   Type           Power      Damage    Failure   Level
 Portal Projectile        Hex/Tloc       0%         N/A       95%         3
 Leda's Liquefaction      Hex/Erth       0%         N/A       100%        4
 Call Canine Familiar     Summ           Unusable   N/A       N/A         3

Dungeon Overview and Level Annotations

Branches:
Dungeon (6/15)             Temple (0/1) D:5

Altars:
Cheibriados
Elyvilon
Fedhas
Makhleb
Okawaru

Shops:
D:4 =


Innate Abilities, Weirdness & Mutations

You have a pair of horns on your head.
You reflexively headbutt those who attack you in melee.


Message History

Aim: a gnoll, wielding a +0 club (heavily wounded, 68% to hit)
You throw a throwing net.
The throwing net barely misses the gnoll.
The throwing net hits the gnoll.
The gnoll is caught in the net!
The gnoll is no longer moving quickly.
The gnoll struggles against the net.
The gnoll bouda barks out a call to the hunt!
The gnolls pick up the pace!
The gnoll hits you with a +0 club.
* * * LOW HITPOINT WARNING * * *
You sock the gnoll!
You kill the gnoll!
Okawaru accepts your kill.
The gnoll struggles against the net.
The gnoll is no longer moving quickly.
The gnoll struggles against the net. x2
The net rips apart, and the gnoll comes free!
Items here: ( )) †.
You hit the gnoll.
The gnoll is moderately wounded.
You barely miss the gnoll bouda.
The gnoll is no longer moving quickly.
You hit the gnoll bouda but do no damage.
The gnoll bouda hits you but does no damage.
You barely miss the gnoll bouda. Your headbutt misses the gnoll bouda.
The gnoll bouda barely misses you. You furiously retaliate!
You headbutt the gnoll bouda. You thump the gnoll bouda!
The gnoll bouda is almost dead.
You sock the gnoll bouda!
You kill the gnoll bouda!
Okawaru accepts your kill.
Okay, then.
The gnoll hits you with a +0 flail!
* * * LOW HITPOINT WARNING * * *
The gnoll hits you from afar with a +0 spear.
* * * LOW HITPOINT WARNING * * *
Things that are here:
a +0 whip; a +0 leather armour; a gnoll corpse You hit the gnoll.
Your headbutt misses the gnoll.
The gnoll is severely wounded.
The gnoll hits you with a +0 flail!
You die...

##...#
#..#######.#..#.#
##..###g....#.........#
#.|.....g..#.......#.#
##.....g.g.#..####...#
#####.###....# ...# #.#
####.# .... #.# #gg#
... #.# #g## ... ..#
#@# ### #)# #.# #.# #.#
#.# #.# #.. ...


You could see 3 gnolls.

Vanquished Creatures
  A sky beast (D:6)
  2 ice beasts
  A centaur (D:5)
  An ogre (D:5)
  A phantom (D:5)
  2 scorpions
  3 hounds
  3 jellies
  A gnoll bouda (D:6)
  2 orc priests (D:3)
  3 iguanas
  5 orc wizards
  Robin (D:2)
  5 adders
  2 gnolls (D:6)
  An ufetubus (D:5)
  A worm (D:2)
  2 dart slugs
  20 orcs
  12 ball pythons
  12 endoplasms
  3 giant cockroaches
  19 goblins
  13 hobgoblins
  4 jackals
  2 quokkas
  2 bats
  A frilled lizard (D:1)
  10 kobolds
  7 rats
142 creatures vanquished.

Notes
Turn   | Place    | Note
-------+----------+-------------------------------------------
     0 | D:1      | boopmooplesden the Minotaur Gladiator began the quest for
                  | the Orb.
     0 | D:1      | Reached XP level 1. HP: 18/18 MP: 0/0
   100 | D:1      | Reached XP level 2. HP: 22/25 MP: 1/1
   619 | D:1      | Reached skill level 4 in Staves
   829 | D:1      | Reached XP level 3. HP: 30/30 MP: 2/2
  1515 | D:2      | Reached skill level 1 in Armour
  1522 | D:2      | Noticed Robin
  1527 | D:2      | Killed Robin
  1528 | D:2      | Reached XP level 4. HP: 23/38 MP: 3/3
  2381 | D:3      | Reached skill level 5 in Staves
  2421 | D:3      | Found a faded altar of an unknown god.
  2432 | D:3      | Reached XP level 5. HP: 17/45 MP: 4/4
  3171 | D:3      | Reached XP level 6. HP: 47/52 MP: 5/5
  3230 | D:3      | Reached skill level 6 in Staves
  3604 | D:4      | Found Ampaylat's Jewellery Shop.
  3836 | D:4      | Reached skill level 1 in Stealth
  4236 | D:5      | Entered Level 5 of the Dungeon
  4470 | D:5      | Reached XP level 7. HP: 59/60 MP: 6/6
  4504 | D:5      | Reached skill level 7 in Staves
  4688 | D:5      | Found an iron altar of Okawaru.
  4693 | D:5      | Found a blossoming altar of Fedhas.
  4700 | D:5      | Became a worshipper of Warmaster Okawaru
  4708 | D:5      | Found a burning altar of Makhleb.
  4710 | D:5      | Found a snail-covered altar of Cheibriados.
  4823 | D:5      | Found a white marble altar of Elyvilon.
  4871 | D:5      | Found a staircase to the Ecumenical Temple.
  4973 | D:5      | Reached skill level 5 in Armour
  5146 | D:6      | Identified the +9 short sword of Fimbulwinter {pain, *Rage
                  | Fly rPois rCorr}
  5188 | D:6      | Reached XP level 8. HP: 65/67 MP: 7/7
  5203 | D:6      | Reached skill level 8 in Staves
  5212 | D:6      | Reached skill level 5 in Dodging
  5217 | D:6      | Reached * piety under Okawaru
  5218 | D:6      | Reached skill level 5 in Fighting
  5256 | D:6      | Slain by a gnoll

Illustrated notes

Levels and vault maps discovered:
D:1:      tarquinn_simple_flora_water_b, layout_basic
D:2:      layout_loops_ring, uniq_robin
D:3:      layout_basic, ebering_ecumenical_altar_mist
D:4:      layout_rooms, serial_shops, nicolae_stop_n_shop_1
D:5:      layout_loops_cross, nicolae_overflow_hallway_of_the_gods,
          minmay_temple_entry_fiery
D:6:      layout_loops_ring, uniq_sigmund, uniq_edmund

Skill      XL: |  1  2  3  4  5  6  7  8 |
---------------+-------------------------+-----
Staves         | 4 5 6 7 8 |  8.7
Dodging        | 4 5 |  5.1
Armour         | 1 2 3 5 |  5.5
Fighting       | 3 4 5 |  5.0
Stealth        | 1 2 |  2.0
Throwing       | |  2.4

Action                   |  1- 3 |  4- 6 |  7- 9 || total
-------------------------+-------+-------+-------++-------
Melee: Quarterstaff      |    93 |   157 |    76 ||   326
       Headbutt          |    12 |    25 |    18 ||    55
Throw: Throwing net      |       |       |     3 ||     3
  Use: Scroll            |       |     1 |     3 ||     4
 Stab: Sleeping          |       |     2 |     1 ||     3
       Held in net/web   |       |       |     1 ||     1
Armor: Leather armour    |    14 |    10 |       ||    24
       Ring mail         |       |    16 |    20 ||    36
Dodge: Dodged            |    62 |   115 |    39 ||   216
